 Dungeon Crawl Stone Soup version 0.30-a0-908-g5a111fc481 (webtiles) character file.

Game seed: 13892303022681028031

15903 Crownlay the Geomancer (level 12, -3/70 HPs)
             Began as a Gargoyle Earth Elementalist on Mar 18, 2023.
             Was a Priest of Vehumet.
             Killed from afar by a rime drake (16 damage)
             ... with an icy flash freeze
             ... on level 2 of the Lair of Beasts on Mar 19, 2023.
             The game lasted 00:36:22 (12387 turns).

Crownlay the Geomancer (GrEE)                      Turns: 12387, Time: 00:36:22

Health: -3/70      AC: 15    Str: 10    XL:     12   Next: 31%
Magic:  34/34      EV: 12    Int: 25    God:    Vehumet [***...]
Gold:   765        SH:  0    Dex: 15    Spells: 22/30 levels left

rFire   . . .      SeeInvis +    D - +5 mace of Blood {holy, Str+2 Dex+5}
rCold   . . .      Faith    .    (no shield)
rNeg    + . .      Spirit   .    I - +0 steam dragon scales
rPois   ∞          Reflect  .    p - +0 helmet
rElec   +          Rampage  .    u - +0 cloak
rCorr   .                        (no gloves)
Will    .....                    (no boots)
Stlth   ++                       i - amulet of magic regeneration
HPRegen 0.31/turn                h - ring of Benorch {rPois Str-4 Int+4 SInv}
MPRegen 0.64/turn                x - ring of magical power

@: no status effects
A: sickness immunity, AC +8, negative energy resistance 1, electricity
resistance, torment resistance 1, petrification resistance
a: Renounce Religion


You were on level 2 of the Lair of Beasts.
You worshipped Vehumet.
Vehumet was most pleased with you.
You visited 3 branches of the dungeon, and saw 15 of its levels.

You collected 949 gold pieces.
You spent 184 gold pieces at shops.

Inventory:

Hand Weapons
 D - the +5 mace of Blood (weapon) {holy, Str+2 Dex+5}
   (You found it on level 7 of the Dungeon)

   Str:       It affects your strength (+2).
   Dex:       It affects your dexterity (+5).
Missiles
 F - 5 throwing nets
Armour
 p - a +0 helmet (worn)
 u - a +0 cloak (worn)
 I - +0 steam dragon scales (worn)
Jewellery
 h - the ring of Benorch (left hand) {rPois Str-4 Int+4 SInv}
   (You found it on level 9 of the Dungeon)

   [ring of see invisible]

   Str:       It affects your strength (-4).
   Int:       It affects your intelligence (+4).
   rPois:     It protects you from poison.
   SInv:      It lets you see invisible.
 i - an amulet of magic regeneration (around neck)
 m - a ring of fire
 x - a ring of magical power (right hand)
 y - a ring of resist corrosion
 G - a +6 ring of intelligence
 H - a ring of flight
Wands
 w - a wand of charming (14)
 z - a wand of roots (5)
Scrolls
 d - 7 scrolls of teleportation
 f - a scroll of noise {unknown}
 k - 4 scrolls of enchant armour
 l - 2 scrolls of fog
 n - 4 scrolls of immolation
 r - 5 scrolls of fear
 t - a scroll of poison {unknown}
 A - a scroll of amnesia {unknown}
 C - a scroll of magic mapping {unknown}
 E - 3 scrolls of vulnerability
 J - 3 scrolls of brand weapon {unknown}
 L - 3 scrolls of blinking {unknown}
Potions
 a - 2 potions of mutation {unknown}
 b - a potion of magic
 c - a potion of lignification {unknown}
 e - a potion of cancellation {unknown}
 g - 3 potions of heal wounds
 j - 3 potions of might {unknown}
 o - 10 potions of curing {unknown}
 q - 3 potions of attraction {unknown}
 s - 4 potions of degeneration {unknown}
 v - 4 potions of ambrosia
 B - 3 potions of flight {unknown}
 K - 4 potions of resistance {unknown}
 M - a potion of brilliance {unknown}


   Skills:
 - Level 6.0 Fighting
 - Level 1.5 Dodging
 - Level 2.1 Stealth
 + Level 9.5 Spellcasting
 + Level 10.6 Conjurations
 + Level 5.0 Summonings
 - Level 0.7 Transmutations
 + Level 3.0 Fire Magic
 + Level 13.6 Earth Magic


You had 22 spell levels left.
You knew the following spells:

 Your Spells              Type           Power      Damage    Failure   Level
a - Sandblast             Erth           100%       2d20      0%          1
b - Stone Arrow           Conj/Erth      100%       3d13      1%          3
c - Petrify               Tmut/Erth      48%        N/A       2%          4

Your spell library contained the following spells:

 Spells                   Type           Power      Damage    Failure   Level
 Mephitic Cloud           Conj/Pois/Air  29%        N/A       1%          3
 Passwall                 Tmut/Erth      40%        N/A       1%          2
 Animate Armour           Summ/Erth      100%       N/A       1%          4
 Poisonous Vapours        Pois/Air       22%        N/A       2%          2
 Ignite Poison            Fire/Tmut/Pois 18%        N/A       2%          3
 Kindle Blastsparks       Fire/Tloc/Air  34%        2d12      3%          3
 Sting                    Tmut/Pois      52%        1d5       4%          1
 Necrotise                Necr           44%        1d6       5%          1
 Wereblood                Tmut           15%        N/A       6%          2
 Freezing Cloud           Conj/Ice/Air   14%        6-21      9%          5
 Olgreb's Toxic Radiance  Pois           11%        N/A       13%         4
 Vampiric Draining        Necr           11%        2d6       16%         3
 Yara's Violent Unravell  Hex/Tmut       6%         3d5       30%         5
 Anguish                  Hex/Necr       5%         N/A       45%         4
 Lehudib's Crystal Spear  Conj/Erth      32%        10d8      50%         8
 Agony                    Necr           11%        N/A       82%         5
 Summon Hydra             Summ           18%        N/A       99%         7
 Enfeeble                 Hex            5%         N/A       100%        7
 Sublimation of Blood     Necr           Unusable   N/A       N/A         2

Dungeon Overview and Level Annotations

Branches:
Dungeon (11/15)            Temple (1/1) D:7            Lair (3/5) D:9
    Orc (0/2) D:10
  Swamp: Lair:2-3    Shoals: Lair:2-3     Snake: Lair:2-3    Spider: Lair:2-3

Altars:
Ashenzari
Cheibriados
Dithmenos
Elyvilon
Fedhas
Gozag
Hepliaklqana
Kikubaaqudgha
Makhleb
Nemelex Xobeh
Okawaru
Qazlal
Ru
Sif Muna
Trog
Uskayaw
Vehumet
Xom
Yredelemnul
Zin
The Shining One

Shops:
D:5 (   D:11 :

Annotations:
D:3 3 runed translucent doors, AppleFox63's ghost, amateur MiFi
D:6 2 runed translucent doors, hackum's ghost, novice SpHu


Innate Abilities, Weirdness & Mutations

You are immune to sickness and miasma.
Your stone body is resilient. (AC +8)
You are immune to poison.
You resist negative energy. (rN+)
You are resistant to electric shocks. (rElec)
You are resistant to unholy torment.
You are immune to petrification.


Message History

Aim: a killer bee (severely wounded, 70% to hit)
The blast of sand hits the killer bee!
You kill the killer bee!
Vehumet accepts your kill.
You feel your power returning.
The killer bee buzzes angrily.
You hear an angry hiss.
The killer bee stings you but does no damage.
The killer bee stings you.
Casting: Sandblast (safe; 0% risk of failure)
Confirm with . or Enter, or press ? or * to list all spells.
Aiming: Sandblast (safe; 0% risk of failure)
Press: ? - help, Shift-Dir - straight line, f - killer bee
Aim: a killer bee (70% to hit)
The blast of sand misses the killer bee.
The killer bee stings you!
* * * LOW HITPOINT WARNING * * *
The killer bee stings you but does no damage. x2
Casting: Sandblast (safe; 0% risk of failure)
Confirm with . or Enter, or press ? or * to list all spells.
Aiming: Sandblast (safe; 0% risk of failure)
Press: ? - help, Shift-Dir - straight line, f/p - killer bee
Aim: a killer bee (70% to hit)
The blast of sand misses the killer bee.
The killer bee misses you.
A rime drake comes into view.
The killer bee stings you.
* * * LOW HITPOINT WARNING * * *
The killer bee closely misses you.
The rime drake moves out of view.
Casting: Sandblast (safe; 0% risk of failure)
Confirm with . or Enter, or press ? or * to list all spells.
Aiming: Sandblast (safe; 0% risk of failure)
Press: ? - help, Shift-Dir - straight line, f/p - killer bee
Aim: a killer bee (70% to hit)
The blast of sand hits the killer bee!!
You kill the killer bee!
Vehumet accepts your kill.
You feel your power returning. The rime drake breathes ice at you.
The icy flash freeze hits you!
You die...

#.# y..# #?#y#
#[#####!#.#
#.#!...†#.# #..###†.#
#....†## #####k#
##.@†## ##.....##
#..P.≈..#
.........#####.....##
.......#...##.#...#.#
.........#.##..###..#
.#.........##......##
#..........##.......##
#....................


You could see a rime drake (catching breath).

Vanquished Creatures
  Harold (Lair:1)
  Erica (D:10)
  A two-headed ogre (D:8)
  Urug (Lair:1)
  An oklob plant (D:10)
  A cyclops (D:11)
  A black mamba (Lair:1)
  3 cane toads
  A kobold demonologist (D:11)
  A komodo dragon (D:11)
  A polar bear (shapeshifter) (D:8)
  A troll (D:11)
  A hornet (D:9)
  A blink frog (Lair:1)
  A vampire (D:8)
  2 wraiths (D:10)
  2 wyverns (Lair:2)
  21 yaks
  3 basilisks
  2 steam dragons
  6 water moccasins
  2 orc warriors (D:10)
  3 sky beasts
  2 black bears (D:7)
  2 ogres
  3 centaurs
  A phantom (D:5)
  A wolf (Lair:2)
  3 kobold brigands
  7 bullfrogs
  A gnoll sergeant (D:8)
  6 scorpions
  12 wights
  29 killer bees
  An oklob sapling (D:10)
  4 howler monkeys
  A jelly (D:7)
  2 hounds
  A gnoll bouda (D:8)
  3 orc priests (D:10)
  An iguana (D:6)
  Natasha (D:2)
  Terence (D:2)
  11 orc wizards
  Robin (D:2)
  9 gnolls (D:8)
  17 adders
  A shadow imp (D:7)
  A white imp (D:6)
  An ufetubus (D:5)
  A worm (D:3)
  3 dart slugs
  32 orcs
  11 endoplasms
  5 giant cockroaches
  11 goblins
  12 hobgoblins
  4 jackals
  19 kobolds
  2 quokkas
  8 ball pythons
  8 bats
  5 frilled lizards
  7 rats
  A bush (D:10)
310 creatures vanquished.

Vanquished Creatures (others)
  10 fungi
  12 plants
  4 toadstools (D:4)
26 creatures vanquished.

Grand Total: 336 creatures vanquished

Notes
Turn   | Place    | Note
-------+----------+-------------------------------------------
     0 | D:1      | Crownlay the Gargoyle Earth Elementalist began the quest
                  | for the Orb.
     0 | D:1      | Reached XP level 1. HP: 10/10 MP: 3/3
   216 | D:1      | Reached skill level 4 in Earth Magic
   217 | D:1      | Reached XP level 2. HP: 15/15 MP: 1/5
   789 | D:1      | Reached XP level 3. HP: 19/19 MP: 4/6
  1173 | D:1      | Learned a level 3 spell: Stone Arrow
  1294 | D:2      | Reached skill level 5 in Earth Magic
  1298 | D:2      | Noticed Terence
  1332 | D:2      | Killed Terence
  1333 | D:2      | Reached XP level 4. HP: 22/24 MP: 0/8
  1792 | D:2      | Noticed Natasha
  1796 | D:2      | Noticed Robin
  1807 | D:2      | Killed Natasha
  1874 | D:2      | Reached XP level 5. HP: 27/28 MP: 3/9
  1895 | D:2      | Killed Robin
  1901 | D:2      | Reached skill level 6 in Earth Magic
  2515 | D:3      | Found a basalt altar of Yredelemnul.
  2597 | D:3      | Found an opulent altar of Gozag.
  2602 | D:3      | Found a runed translucent gate.
  2602 | D:3      | Found a runed translucent gate.
  2602 | D:3      | Found a runed translucent gate.
  2881 | D:3      | Noticed AppleFox63's ghost (amateur MiFi)
  3062 | D:4      | Reached XP level 6. HP: 29/32 MP: 11/11
  3144 | D:4      | Identified the +9 sling "Jociucs" {drain, rN+ Dex+4}
  3194 | D:4      | Found a burning altar of Makhleb.
  3208 | D:4      | Reached skill level 7 in Earth Magic
  3867 | D:5      | Entered Level 5 of the Dungeon
  4027 | D:5      | Reached skill level 8 in Earth Magic
  4027 | D:5      | Reached XP level 7. HP: 33/36 MP: 13/13
  4102 | D:5      | Found Jigov's Antique Weapon Emporium.
  4107 | D:5      | Bought a slimy short sword for 184 gold pieces
  4107 | D:5      | Identified the +3 short sword of Rotation {holy, rElec
                  | Will- Dex+6 SInv} (You bought it in a shop on level 5 of
                  | the Dungeon)
  4629 | D:6      | Reached skill level 9 in Earth Magic
  4708 | D:6      | Found a large runed translucent door.
  4709 | D:6      | Found a large runed translucent door.
  4712 | D:6      | Noticed hackum's ghost (novice SpHu)
  4853 | D:6      | Reached XP level 8. HP: 35/41 MP: 15/15
  4902 | D:6      | Reached skill level 5 in Spellcasting
  5279 | D:7      | Reached skill level 10 in Earth Magic
  5493 | D:7      | Identified the +5 mace of Blood {holy, Str+2 Dex+5}
  5592 | D:7      | Upgraded the game from 0.30-a0-782-ge64f9170bb to
                  | 0.30-a0-908-g5a111fc481
  5666 | D:7      | Noticed a yak
  5686 | D:7      | Killed a yak
  5687 | D:7      | Reached XP level 9. HP: 45/45 MP: 20/20
  5706 | D:7      | Reached skill level 1 in Conjurations
  5955 | D:7      | Found a glowing silver altar of Zin.
  5989 | D:7      | Found a staircase to the Ecumenical Temple.
  5998 | Temple   | Entered the Ecumenical Temple
  6105 | Temple   | Became a worshipper of Vehumet
  6180 | D:7      | Found a snail-covered altar of Cheibriados.
  6323 | D:8      | Noticed a two-headed ogre
  6327 | D:8      | Killed a two-headed ogre
  6328 | D:8      | Reached skill level 5 in Conjurations
  6328 | D:8      | Reached skill level 11 in Earth Magic
  6581 | D:8      | Noticed a hornet
  6599 | D:8      | HP: 1/45 [vampire (9)]
  6603 | D:8      | Reached XP level 10. HP: 33/50 MP: 22/22
  6699 | D:8      | Reached * piety under Vehumet
  6699 | D:8      | Offered knowledge of Magic Dart by Vehumet.
  7109 | D:8      | Found an iron altar of Okawaru.
  7111 | D:8      | Found a glowing silver altar of Zin.
  7111 | D:8      | Found a white marble altar of Elyvilon.
  7113 | D:8      | Found a bloodstained altar of Trog.
  7113 | D:8      | Found a burning altar of Makhleb.
  7113 | D:8      | Found a shimmering altar of Xom.
  7465 | D:9      | Reached skill level 12 in Earth Magic
  7796 | D:9      | Found a staircase to the Lair.
  7812 | D:9      | Identified the ring of Benorch {rPois Str-4 Int+4 SInv}
  8026 | D:10     | Entered Level 10 of the Dungeon
  8170 | D:10     | Reached skill level 1 in Fighting
  8312 | D:10     | Reached skill level 1 in Summonings
  8350 | D:10     | HP: 1/52 [yak (3)]
  8517 | D:10     | Found a staircase to the Orcish Mines.
  8525 | D:10     | Offered knowledge of Scorch by Vehumet.
  8534 | D:10     | Reached ** piety under Vehumet
  8535 | D:10     | Reached XP level 11. HP: 51/58 MP: 23/23
  8655 | D:10     | Reached skill level 10 in Conjurations
  8783 | D:10     | Noticed Erica
  8789 | D:10     | Killed Erica
  8845 | D:10     | Offered knowledge of Frozen Ramparts by Vehumet.
  9420 | D:10     | Noticed an oklob plant
  9647 | D:10     | Killed an oklob plant
  9872 | D:11     | Reached *** piety under Vehumet
  9934 | D:11     | Found Catopye's Book Shop.
  9992 | D:11     | Reached skill level 13 in Earth Magic
 10155 | D:11     | Noticed a cyclops
 10171 | D:11     | Killed a cyclops
 11095 | Lair:1   | Entered Level 1 of the Lair of Beasts
 11208 | Lair:1   | Reached skill level 5 in Fighting
 11208 | Lair:1   | Reached skill level 1 in Fire Magic
 11213 | Lair:1   | Learned a level 4 spell: Petrify
 11347 | Lair:1   | Noticed Urug
 11361 | Lair:1   | Killed Urug
 11616 | Lair:1   | Noticed Harold
 11627 | Lair:1   | Killed Harold
 11628 | Lair:1   | Reached XP level 12. HP: 39/68 MP: 10/25
 12075 | Lair:2   | You fall into a shaft and drop 1 floor!
 12301 | Lair:2   | Offered knowledge of Mephitic Cloud by Vehumet.
 12359 | Lair:2   | Reached skill level 5 in Summonings
 12387 | Lair:2   | Killed from afar by a rime drake

Illustrated notes

Levels and vault maps discovered:
D:1:      nicolae_arrival_somewhat_less_tricky_arrival, layout_loops_corners
D:2:      layout_rooms, minmay_misc_feat_encased, uniq_robin, uniq_natasha,
          uniq_terence
D:3:      layout_basic, mainiacjoe_overflow_brackets, grunt_gozag_breadcrumbs,
          gammafunk_ghost_necromancy, hangedman_abyss_or_decor_lesser_grid,
          corner_web_ring, minmay_starry_boxes
D:4:      layout_basic, mainiacjoe_overflow_six_doors_small,
          minmay_gold_behind_fungi
D:5:      layout_cave_pools, minmay_shop_grid_forest
D:6:      layout_loops_ring, ebering_ghost_disaster_area
D:7:      layout_cave_pools, zin_treasury, lemuel_round_altar,
          lemuel_temple_firewalk_a
D:8:      layout_loops_ring, doesnt_xom_only_xom, grunt_potential
D:9:      layout_roguey, dpeg_oklobed_lair
D:10:     layout_stronghold, minmay_orc_entry_temple_small,
          grunt_decor_mini_mirrors, introduction_to_nature_2, uniq_erica
D:11:     old_forge, layout_cave_pods, serial_shops,
          nicolae_shop_advertising_works [nicolae_subvault_shop_adworks]
Temple:   eino_temple_scatter_basement
Lair:1:   layout_chaotic_city, st_stairs_13, uniq_harold, uniq_urug
Lair:2:   regret_index_tunnel_blossom, layout_chaotic_city,
          elwin_shoals_entry_rocks, uniq_maggie
Lair:3:   layout_regular_city, dummy_snake_entry

Skill      XL: |  1  2  3  4  5  6  7  8  9 10 11 12 |
---------------+-------------------------------------+-----
Earth Magic    | 4 5 6 8 9 10 11 12 13 | 13.6
Spellcasting   | 3 4 7 8 9 |  9.5
Conjurations   | 6 9 10 | 10.6
Fighting       | 2 5 6 |  6.0
Summonings     | 1 4 5 |  5.0
Fire Magic     | 2 3 |  3.0
Dodging        | |  1.5
Stealth        | |  2.1
Transmutations | |  0.7

Action                     |  1- 3 |  4- 6 |  7- 9 | 10-12 || total
---------------------------+-------+-------+-------+-------++-------
  Melee: Unarmed           |     1 |       |       |       ||     1
         Falchion          |       |    13 |       |       ||    13
         Mace              |       |       |       |    96 ||    96
         Punch             |       |       |       |     5 ||     5
   Cast: Sandblast         |    36 |    96 |   113 |   306 ||   551
         Stone Arrow       |     1 |       |     8 |    40 ||    49
         Petrify           |       |       |       |     3 ||     3
    Use: Scroll            |       |     3 |     2 |     4 ||     9
         Potion            |       |       |     1 |     3 ||     4
 Armour: Robe              |     4 |    34 |    21 |     9 ||    68
         Steam dragon scal |       |       |       |    84 ||    84
  Dodge: Dodged            |     4 |    37 |    56 |   139 ||   236

Table legend: (Time is in decaauts)
 A = Elapsed time spent in this place.
 B = Non-inter-level travel time spent in this place.
 C = Inter-level travel time spent in this place.
 D = Time resting spent in this place.
 E = Time spent auto-exploring this place.
 F = Levels seen in this place.
 G = Mean time per level.
                   A        B        C        D        E       F      G
               +--------+--------+--------+--------+--------+-----+--------+
         Total |  12724 |  11963 |    761 |     42 |   9840 |  15 |  848.3 |
       Dungeon |  11267 |  10551 |    716 |     42 |   8751 |  11 | 1024.3 |
        Temple |    125 |    108 |     17 |      0 |     86 |   1 |  125.0 |
          Lair |   1330 |   1303 |     27 |      0 |   1003 |   3 |  443.3 |
               +--------+--------+--------+--------+--------+-----+--------+

Top non-repeatable levels by time:
    D:10: 1917 daAuts
    D:11: 1260 daAuts
     D:8: 1216 daAuts
     D:1: 1203 daAuts
  Lair:1: 985 daAuts
     D:7: 964 daAuts
     D:2: 945 daAuts
     D:6: 919 daAuts
     D:3: 902 daAuts
     D:4: 896 daAuts
     D:5: 536 daAuts
     D:9: 505 daAuts
  Lair:2: 319 daAuts
  Temple: 125 daAuts
  Lair:3: 25 daAuts
